 Dungeon Crawl Stone Soup version 0.30.1-11-g7821555f0a (webtiles) character file.

Game seed: 9468798116791136587

139 MrIGI the Insei (level 5, -2/32 HPs)
             Began as a Draconian Transmuter on Dec 13, 2023.
             Slain by Crazy Yiuf
             ... wielding a +4 quarterstaff of chaos
              (9 damage)
             ... on level 2 of the Dungeon.
             The game lasted 00:07:58 (2084 turns).

MrIGI the Insei (Draconian Transmuter)              Turns: 2084, Time: 00:07:58

Health: -2/32      AC:  6    Str: 16 (17) XL:     5   Next: 1%
Magic:  8/8        EV: 11    Int: 13      God:
Gold:   139        SH:  2    Dex:  7      Spells: 5/8 levels left

rFire   . . .        j - +8 trident of the Enchanted Forest {freeze, rElec Will+ Str+4 Dex-2}
rCold   . . .        m - +0 buckler
rNeg    . . .        (body armour unavailable)
rPois   .            (helmet restricted)
rElec   +            (no cloak)
rCorr   .            (no gloves)
SInv    .            g - +0 pair of boots
Will    +....        (no amulet)
Stlth   +            (no ring)
HPRegen 0.00/turn    (no ring)
MPRegen 0.11/turn

%: random rage (9%)
@: inhibited regen
A: AC +5, unfitting armour, cold-blooded, [berserk 2], [clumsy 2],
[deterioration 2], [frail 2], [inhibited regeneration]
a: no special abilities


You were on level 2 of the Dungeon.
You visited 1 branch of the dungeon, and saw 2 of its levels.
You visited the Abyss 1 time.

You collected 139 gold pieces.

Inventory:

Hand Weapons
 e - a +0 dagger
 j - the +8 trident of the Enchanted Forest (weapon) {freeze, rElec Will+ Str+4 Dex-2}
   (You found it on level 2 of the Dungeon)

   Str:       It affects your strength (+4).
   Dex:       It affects your dexterity (-2).
   rElec:     It insulates you from electricity.
   Will:      It increases your willpower.
Missiles
 c - 4 datura-tipped darts (quivered)
Armour
 g - a +0 pair of boots (worn)
 m - a +0 buckler (worn)
Wands
 n - a wand of flame (18)
Scrolls
 b - a scroll of identify {unknown}
 f - a scroll of torment {unknown}
 i - a scroll of immolation {unknown}
 l - a scroll of fog {unknown}
 o - a scroll of enchant weapon {unknown}
Potions
 a - a potion of lignification
 d - a potion of heal wounds {unknown}
 h - a potion of ambrosia {unknown}
 k - 2 potions of resistance {unknown}


   Skills:
 + Level 2.0 Fighting
 * Level 1.1 Polearms
 + Level 0.2 Throwing
 + Level 3.0 Dodging
 + Level 0.6 Stealth
 - Level 3.1 Unarmed Combat
 - Level 2.3 Spellcasting
 * Level 3.1 Transmutations


You had 5 spell levels left.
You knew the following spells:

 Your Spells              Type           Power      Damage    Failure   Level
a - Beastly Appendage     Tmut           18%        N/A       9%          1
b - Wereblood             Tmut           9%         N/A       14%         2

Your spell library contained the following spells:

 Spells                   Type           Power      Damage    Failure   Level
 Spider Form              Tmut/Pois      5%         N/A       45%         3
 Ice Form                 Ice/Tmut       5%         N/A       86%         4


Dungeon Overview and Level Annotations

Branches:
Dungeon (2/15)

Altars:

Annotations:
D:2 Crazy Yiuf


Innate Abilities, Weirdness & Mutations

Your plain brown scales are hard. (AC +5)
You cannot fit into any form of body armour.
You are cold-blooded and may be slowed by cold attacks.
[You have an uncontrollable temper.]
[You are very clumsy. (Dex -4)]
[Your body often deteriorates upon taking damage.]
[You are very frail. (-20% HP)]
[You do not regenerate when monsters are visible.]


Message History

You plunge deeper into the Abyss.
You can't go up here!
A wretched star comes into view.
The wretched star glows turbulently.
The lance of force misses you.
The wretched star pulses with an eldritch light!
Your regeneration stops near monsters.
The wretched star pulses with an eldritch light!
You feel yourself wasting away.
You feel your body start to fall apart.
The crimson imp shouts!
You hear a roar!
Found a gateway leading out of the Abyss.
The crimson imp blinks!
The wretched star pulses with an eldritch light!
You feel frail. x2; You feel clumsy. x2
The wretched star pulses with an eldritch light!
You feel a little pissed off.
You feel extremely angry at everything!
There is a gateway leading out of the Abyss here.
You pass through the gate.
Welcome back to the Dungeon!
Level annotation: Crazy Yiuf Crazy Yiuf hits you with a +4 quarterstaff of chaos.
Your body deteriorates!
You feel weakened. Crazy Yiuf freezes you.
Reach: j) +8 trident of the Enchanted Forest {freeze, rElec Will+ Str+4 Dex-2}
Press: ? - help, Dir - move target, f - Crazy Yiuf
Aim: Crazy Yiuf, wielding a +4 quarterstaff of chaos and wearing a +0 cloak (about 34% to evade the +8 trident of the Enchanted Forest)
You puncture Crazy Yiuf! You freeze Crazy Yiuf.
Crazy Yiuf is severely wounded.
Crazy Yiuf whimpers, "Earwax!"
Crazy Yiuf hits you with a +4 quarterstaff of chaos.
Crazy Yiuf draws strength from your wounds!
Crazy Yiuf hits you with a +4 quarterstaff of chaos!
* * * LOW HITPOINT WARNING * * *
You feel yourself slow down. Crazy Yiuf freezes you.
* * * LOW HITPOINT WARNING * * *
You barely miss Crazy Yiuf.
Crazy Yiuf is heavily wounded.
You feel yourself speed up.
Crazy Yiuf hits you with a +4 quarterstaff of chaos!
You die...

.#..#..###.#.####.#
....)..###.### ###
#........#.#
#....#<..#.# #####
#....####### #..)#
#..........# #...#
#.########## ...
.........# #'#
.........# ♣♣@♣
.........# ♣g♣♣
########## ♣♣.♣
############ ♣.♣♣
....##.....# ♣♣.♣♣
....##....## ♣...♣♣
....##....'# ♣....♣
....##....## ##..##
######.#.#####....#
#######


You could see Crazy Yiuf.

Vanquished Creatures
  Natasha (thrice) (D:2)
  3 adders (D:2)
  A worm (D:2)
  A dart slug (D:1)
  2 endoplasms (D:1)
  A goblin (D:2)
  A hobgoblin (D:2)
  8 jackals
  A quokka (D:1)
  5 ball pythons
  2 bats (D:1)
  3 kobolds
  2 rats (D:1)
33 creatures vanquished.

Notes
Turn   | Place    | Note
-------+----------+-------------------------------------------
     0 | D:1      | MrIGI the Draconian Transmuter began the quest for the Orb.
     0 | D:1      | Reached XP level 1. HP: 16/16 MP: 3/3
   260 | D:1      | Reached XP level 2. HP: 20/23 MP: 3/5
   756 | D:1      | Learned a level 2 spell: Wereblood
   957 | D:2      | Reached XP level 3. HP: 19/28 MP: 3/6
  1219 | D:2      | Identified the +8 trident of the Enchanted Forest {freeze,
                  | rElec Will+ Str+4 Dex-2}
  1370 | D:2      | Noticed Natasha
  1378 | D:2      | Killed Natasha
  1379 | D:2      | Reached XP level 4. HP: 24/36 MP: 7/7
  1481 | D:2      | Noticed Natasha
  1488 | D:2      | Killed Natasha
  1621 | D:2      | Noticed Natasha
  1627 | D:2      | Killed Natasha
  1628 | D:2      | Reached skill level 1 in Polearms
  1628 | D:2      | Reached XP level 5. HP: 40/41 MP: 8/8
  1702 | D:2      | Found a runed translucent door.
  1703 | D:2      | Noticed Crazy Yiuf
  1919 | Abyss:1  | Cast into level 1 of the Abyss (Crazy Yiuf)
  1977 | Abyss:1  | Noticed a large abomination
  2009 | Abyss:1  | a glowing shapeshifter changed into a two-headed ogre
  2009 | Abyss:1  | Noticed a two-headed ogre (glowing shapeshifter)
  2029 | Abyss:1  | Noticed a ynoxinul
  2041 | Abyss:1  | Noticed an ancient zyme
  2057 | Abyss:2  | Noticed a wretched star
  2082 | D:2      | Escaped the Abyss
  2084 | D:2      | Slain by Crazy Yiuf

Illustrated notes

Levels and vault maps discovered:
D:1:      wander_arrival_fairy_ring, layout_basic
D:2:      layout_basic, uniq_crazy_yiuf_cottage, uniq_natasha

Skill      XL: |  1  2  3  4 |
---------------+-------------+-----
Dodging        | 2 3 |  3.0
Fighting       | 2 |  2.0
Polearms       | 1 |  1.1
Transmutations | 3 |  3.1
Throwing       | |  0.2
Stealth        | |  0.6
Unarmed Combat | |  3.1
Spellcasting   | |  2.3

Action                     |  1- 3 |  4- 6 || total
---------------------------+-------+-------++-------
  Melee: Unarmed           |    25 |       ||    25
         Kick              |    19 |       ||    19
         Tailslap          |    12 |     2 ||    14
         Dagger            |    78 |       ||    78
         Headbutt          |     8 |       ||     8
         Punch             |     2 |       ||     2
         Trident           |     6 |    16 ||    22
  Throw: Dart              |     3 |     4 ||     7
   Cast: Beastly Appendage |    10 |       ||    10
         Wereblood         |     1 |       ||     1
  Evoke: Wand              |       |     1 ||     1
 Armour: Skin              |    43 |     3 ||    46
  Dodge: Dodged            |   101 |     4 ||   105
  Block: Buckler           |       |     2 ||     2
